Unix NetHack Version 5.0.0-0 post-release - last build May 17 2026 04:57:42 (dc50c8380fa5e20985bfe3072449f57b8d9895ef,branch:main).

Game began 2026-05-19 02:48:22, ended 2026-05-20 02:55:16.

Eldrich, lawful male human Archeologist

                                                                    ------
                                                     -----          |....|
                                                     |....          |....|
                                                     .....      ####-....|
                                                     |.>.$.    ##   |....|
                                                     |...:%|   #    ----.-
                                                     |....B@####        #
                                                     -.....|            #
                                                     ------             #
                                                                        #
                                                                        #
                                                                        #
                                                                       ##
                                                                     --|---
                                                               #     |...<|
                                                              #######-....|
                                                               #     |....|
                                                                     ------

Eldrich the Field Worker   St:9 Dx:12 Co:12 In:15 Wi:13 Ch:14  Lawful
Dlvl:4  $:214 HP:0(20) Pw:15(15) AC:9  Xp:3 T:1554 

Latest messages:
 You hit the rock with all your might.
 You hear a door open.
 You succeed in cutting away some rock.
 You start digging.
 You hit the rock with all your might.
 You are beginning to feel hungry.
 You stop digging.
 You continue digging.
 You succeed in cutting away some rock.
 What do you want to eat? [dp or ?*] d
 This food really hits the spot!
 You finish eating the food ration.
 You start digging.
 You hit the rock with all your might.
 You succeed in cutting away some rock.
 a - a +2 bullwhip (weapon in right hand).
 e - a +0 pick-axe (alternate weapon; not wielded).
 You stop.  Your housecat is in the way!
 You swap places with your housecat.
 You find a hidden door.
 You swap places with your housecat.
 The door resists!
 The door opens.
 You kill the newt!
 There is a doorway here.
 You see here a newt corpse.
 There is a newt corpse here; eat it? [ynq] (n) y
 This newt corpse is stringy.
 You finish eating the newt corpse.
 The door opens.
 You find a hidden door.
 The door opens.
 You kill the goblin!
 You lash the giant bat.
 The giant bat bites!
 You miss the giant bat.
 The giant bat bites!
 The giant bat bites!
 You lash the giant bat.
 The giant bat bites!
 The giant bat bites!
 You miss the giant bat.
 The giant bat bites!
 The giant bat bites!
 You die...
 Do you want your possessions identified? [ynq] (y) y
 Do you want to see your attributes? [ynq] (y) y
 Do you want an account of creatures vanquished? [ynaq] (y) n
 Do you want to see your conduct and achievements? [ynq] (y) n
 Do you want to see the dungeon overview? [ynq] (y) n

Inventory:
 Coins    ('$')
  $ - 214 gold pieces
 Amulets  ('"')
  z - an uncursed amulet of unchanging (being worn)
 Weapons  (')')
  a - a +2 bullwhip (weapon in right hand)
 Armor    ('[')
  c - an uncursed +0 fedora (being worn)
  b - an uncursed +0 leather jacket (being worn)
 Comestibles  ('%')
  d - an uncursed food ration
  p - 2 uncursed tins of spinach
 Scrolls  ('?')
  y - a blessed scroll of taming
 Spellbooks  ('+')
  j - an uncursed spellbook of dig
 Potions  ('!')
  t - a blessed potion of gain energy
  A - an uncursed potion of oil
 Wands    ('/')
  q - a wand of slow monster (0:6)
 Tools    ('(')
  h - an empty uncursed sack
  i - an uncursed oil lamp
  e - a +0 pick-axe (alternate weapon; not wielded)
 Gems/Stones  ('*')
  g - an uncursed touchstone

Eldrich the Archeologist's attributes:

Background:
 You were a Field Worker, a level 3 male human Archeologist.
 You were lawful, on a mission for Quetzalcoatl
 who was opposed by Camaxtli (neutral) and Huhetotl (chaotic).
 You were right-handed.
 You were in the Dungeons of Doom, on level 4.
 You entered the dungeon 1554 turns ago.
 It was nighttime.
 You had 73 experience points, 7 more were needed to attain level 4.

Basics:
 You had 0 out of 20 hit points.
 You had all 15 energy points (spell power).
 Your armor class was 9.
 Your wallet contained 214 zorkmids.
 Autopickup was off.

Final Characteristics:
 Your strength was 9 (limit:18/100).
 Your dexterity was 12 (limit:18).
 Your constitution was 12 (limit:18).
 Your intelligence was 15 (limit:18).
 Your wisdom was 13 (limit:18).
 Your charisma was 14 (limit:18).

Final Status:
 You weren't hungry.
 You were unencumbered.
 You were wielding a whip.
 You had basic skill with whip.

Final Attributes:
 You were devoutly aligned.
 You had automatic searching.
 You couldn't change from your current form.
 You are dead.

Miscellaneous:
 You didn't encounter any bones levels.
 Total elapsed playing time was 25 minutes and 59 seconds.

Major events:
 Turn
    1: Eldrich the lawful male human Archeologist entered the dungeon
 1036: attained the rank of Field Worker (level 3)
 1554: killed by a giant bat

You didn't know any spells.

Skills:
 Fighting Skills
   bare handed combat [Unskilled]
   two weapon combat  [Unskilled]
   riding             [Unskilled]
 Weapon Skills
   dagger             [Unskilled]
   knife              [Unskilled]
   pick-axe           [Basic]
   short sword        [Unskilled]
   saber              [Unskilled]
   club               [Unskilled]
   quarterstaff       [Unskilled]
   sling              [Unskilled]
   dart               [Unskilled]
   boomerang          [Unskilled]
   whip               [Basic]
   unicorn horn       [Unskilled]
 Spellcasting Skills
   attack spells      [Unskilled]
   healing spells     [Unskilled]
   divination spells  [Unskilled]
   matter spells      [Unskilled]

Voluntary challenges:
 Character rerolling was not enabled.
 You never genocided any monsters.
 You never polymorphed an object.
 You never changed form.
 You used no wishes.
Achievements:
 You entered a shop.
 You attained the rank of Field Worker.

 The Dungeons of Doom: levels 1 to 4
    Level 1:
    Level 2:
       A general store, a fountain.
    Level 3:
       An altar.
    Level 4: <- You were here.
       Final resting place for
          you, killed by a giant bat.


Vanquished creatures:
  a giant bat
 an iguana
  a hobbit
  2 giant rats
  5 garter snakes
  2 geckos
  4 jackals
  a fox
  4 goblins
  3 sewer rats
  9 grid bugs
  2 bats
  4 lichens
  3 kobold zombies
  3 newts
45 creatures vanquished.

No species were genocided or became extinct.

Game over:
                       ----------
                      /          \
                     /    REST    \
                    /      IN      \
                   /     PEACE      \
                  /                  \
                  |     Eldrich      |
                  |      214 Au      |
                  |   killed by a    |
                  |    giant bat     |
                  |                  |
                  |                  |
                  |       2026       |
                 *|     *  *  *      | *
        _________)/\\_//(\/(/\)/\//\/|_)_______

Goodbye Eldrich the Archeologist...

You died in The Dungeons of Doom on dungeon level 4 with 635 points,
and 214 pieces of gold, after 1554 moves.
You were level 3 with a maximum of 20 hit points when you died.

